 Dungeon Crawl Stone Soup version 0.24.0-123-gd5b16e6ec5 (webtiles) character file.

Game seed: 7373822534945800989, levelgen mode: deterministic

763 AuftragZ the Destroyer (level 7, -2/39 HPs)
             Began as a Deep Elf Conjurer on Jan 21, 2020.
             Killed by nerve-wracking pain
             ... invoked by a shadow imp
              (7 damage)
             ... on level 5 of the Dungeon.
             The game lasted 00:32:16 (6390 turns).

AuftragZ the Destroyer (Deep Elf Conjurer)          Turns: 6390, Time: 00:32:16

Health: -2/39      AC:  3    Str:  5    XL:     7   Next: 51%
Magic:  1/18       EV: 13    Int: 22    God:
Gold:   3          SH:  0    Dex: 15    Spells: 9/20 levels left

rFire    + . .     SeeInvis .   l - staff of summoning (curse)
rCold    x . .     Gourm    .   (no shield)
rNeg     . . .     Faith    .   a - +1 robe
rPois    .         Spirit   .   (no helmet)
rElec    .         Reflect  .   (no cloak)
rCorr    .         Harm     .   (no gloves)
MR       .....                  (no boots)
Stlth    ++........             (no amulet)
HPRegen  0.13/turn              d - ring of fire
MPRegen  0.16/turn              (no ring)

@: no status effects
A: low mp 1, robust 1
a: no special abilities


You were on level 5 of the Dungeon.
You were hungry.

You visited 1 branch of the dungeon, and saw 5 of its levels.

You collected 243 gold pieces.
You spent 240 gold pieces at shops.

Inventory:

Hand Weapons
 m - a +5 dagger
Missiles
 b - 14 poisoned darts (quivered)
Armour
 a - a +1 robe (worn)
Magical Staves
 l - a cursed staff of summoning (weapon)
Jewellery
 d - a ring of fire (left hand)
Wands
 e - a wand of polymorph (8)
 f - a wand of flame (22)
Scrolls
 j - a scroll of teleportation
 k - a scroll of remove curse
Potions
 h - a potion of agility
 i - a potion of might
Comestibles
 c - 8 rations


   Skills:
 - Level 0.1 Fighting
 - Level 2.6 Dodging
 - Level 3.1 Stealth
 + Level 7.3 Spellcasting
 + Level 8.2 Conjurations
 + Level 0.7 Evocations


You had 9 spell levels left.
You knew the following spells:

 Your Spells              Type           Power        Failure   Level  Hunger
a - Magic Dart            Conj           ####         1%          1    None
b - Searing Ray           Conj           #####.       1%          2    None
c - Iskenderun's Mystic   Conj           #####...     2%          4    ###....
d - Fulminant Prism       Conj/Hex       ####......   14%         4    ###....

Your spell library contained the following spells:

 Spells                   Type           Power        Failure   Level  Hunger
 Dazzling Spray           Conj/Hex       ####..       4%          3    None
 Force Lance              Conj/Tloc      ####....     14%         4    ###....


Dungeon Overview and Level Annotations

Branches:
Dungeon (5/15)
 Temple: D:4-7

Altars:

Shops:
D:4 [:(}*


Innate Abilities, Weirdness & Mutations

Your magical capacity is low. (-10% MP)
You are robust. (+10% HP)


Message History

The magic dart hits the centaur zombie but does no damage.
The centaur zombie is moderately damaged.
The centaur zombie hits you.
A sky beast appears from thin air!
Reactivating autopickup.
A shadow imp opens the door.
The centaur zombie hits you.
Okay, then.
Found 10 gold pieces.
The centaur zombie hits you!
* * * LOW HITPOINT WARNING * * *
Casting: Magic Dart (safe; 1% risk of failure)
Confirm with . or Enter, or press ? or * to list all spells.
You don't know that spell.
Unknown command.
As you read the scroll labeled HIUCETHR MYETE, it crumbles to dust.
It is a scroll of enchant weapon.
Your +4 dagger glows red for a moment.
The centaur zombie hits you.
* * * LOW HITPOINT WARNING * * *
The shadow imp gestures at you. Pain shoots through your body!
You die...

#.......# #.......# .
#....{..# ## ..
#.!#P#.)+ .# ...
#..#.#.o# #.#
.$..##..#[#.)# ..#
..#.....#.#..######..#
..'..5.ZY)≈.....oo...#
..#....@≈≈≈)).##o....#
. #.......)...<#...###
###..........#...#
##.......#.#)..#
#.#<..#.###...#
#.#.#.#........
#.#.#.#####.####
#...#.#


You could see a sky beast, a shadow imp and a centaur zombie.

Vanquished Creatures
  A porcupine (D:2)
  2 ogres (D:4)
  A centaur (D:5)
  5 orc wizards
  Natasha (thrice) (D:2)
  4 gnolls (D:5)
  4 adders
  An ooze (D:4)
  3 worms
  3 dart slugs
  3 leopard geckos
  12 orcs
  6 giant cockroaches
  20 goblins
  10 hobgoblins
  6 kobolds
  5 quokkas
  A ball python (D:3)
  5 bats
  6 frilled lizards
  5 rats
106 creatures vanquished.

Vanquished Creatures (others)
  4 fulminant prisms
4 creatures vanquished.

Grand Total: 110 creatures vanquished

Notes
Turn   | Place    | Note
-------+----------+-------------------------------------------
     0 | D:1      | AuftragZ the Deep Elf Conjurer began the quest for the Orb.
     0 | D:1      | Reached XP level 1. HP: 10/10 MP: 6/6
   677 | D:1      | Reached XP level 2. HP: 15/15 MP: 4/8
   826 | D:1      | Learned a level 2 spell: Searing Ray
  1630 | D:2      | Reached skill level 5 in Conjurations
  1687 | D:2      | Reached XP level 3. HP: 19/19 MP: 3/9
  1800 | D:2      | Noticed Natasha
  1806 | D:2      | Killed Natasha
  1988 | D:2      | Gained mutation: Your mind is acute. (Int +2) [potion of
                  | mutation]
  1988 | D:2      | Gained mutation: Your system is resistant to poisons.
                  | (rPois) [potion of mutation]
  1988 | D:2      | Gained mutation: You are partially covered in icy blue
                  | scales. (AC +2) [potion of mutation]
  2027 | D:2      | Noticed Natasha
  2031 | D:2      | Killed Natasha
  2031 | D:2      | Reached XP level 4. HP: 24/24 MP: 3/11
  2190 | D:2      | Learned a level 4 spell: Iskenderun's Mystic Blast
  2207 | D:2      | Noticed Natasha
  2211 | D:2      | Killed Natasha
  2274 | D:2      | Noticed a porcupine
  2274 | D:2      | a worm changed into a porcupine
  2280 | D:2      | Killed a porcupine
  2280 | D:2      | Reached skill level 6 in Conjurations
  2280 | D:2      | Reached XP level 5. HP: 28/28 MP: 7/14
  2437 | D:2      | Learned a level 4 spell: Fulminant Prism
  3000 | D:2      | Reached skill level 5 in Spellcasting
  3123 | D:2      | Lost mutation: Your system is resistant to poisons. (rPois)
                  | [potion of mutation]
  3123 | D:2      | Lost mutation: Your mind is acute. (Int +2) [potion of
                  | mutation]
  3123 | D:2      | Lost mutation: You are partially covered in icy blue
                  | scales. (AC +2) [potion of mutation]
  3123 | D:2      | Gained mutation: Your magical capacity is low. (-10% MP)
                  | [potion of mutation]
  3123 | D:2      | Gained mutation: You are robust. (+10% HP) [potion of
                  | mutation]
  4178 | D:3      | Reached XP level 6. HP: 35/35 MP: 9/14
  4586 | D:3      | Reached skill level 7 in Conjurations
  5071 | D:4      | Found Jenwahah's Weapon Shop.
  5078 | D:4      | Found Byaz's Book Shoppe.
  5128 | D:4      | Found Titoagyz's Armour Emporium.
  5560 | D:4      | Reached XP level 7. HP: 39/39 MP: 9/17
  5866 | D:4      | Found Cukiwemaw's Assorted Antiques.
  5912 | D:4      | Bought a crooked glowing staff for 240 gold pieces
  5925 | D:4      | Found Utem's Gadget Shop.
  6340 | D:5      | Entered Level 5 of the Dungeon
  6345 | D:5      | Reached skill level 8 in Conjurations
  6390 | D:5      | Killed from afar by a shadow imp

Levels and vault maps discovered:
D:1:      lemuel_arrival_muddy, layout_basic, grunt_decor_arrowhead
D:2:      layout_loops_ring, uniq_natasha
D:3:      cheibrodos_greedy_goblins, layout_loops_corners
D:4:      layout_gridville, serial_shops, shop, kennysheep_mini_moat,
          nicolae_shop_waterfront, shop_fountains, nicolae_shop_crystal,
          first_ration, minmay_ogre_servants
D:5:      layout_basic, yredelemnul_forgotten_temple_becter,
          minmay_temple_entry_enclosed_plants, kb_lookout_dungeons_type,
          uniq_ijyb, uniq_eustachio, uniq_sigmund

Skill      XL: |  1  2  3  4  5  6  7 |
---------------+----------------------+-----
Conjurations   | 5 6 7 8 |  8.2
Stealth        | 3 |  3.1
Spellcasting   | 4 5 6 7 |  7.3
Fighting       | |  0.1
Dodging        | |  2.6
Evocations     | |  0.7

Action                   |  1- 3 |  4- 6 |  7- 9 || total
-------------------------+-------+-------+-------++-------
Melee: Unarmed           |       |     2 |       ||     2
       Dagger            |       |     1 |       ||     1
       Staff             |       |       |     5 ||     5
 Cast: Magic Dart        |    42 |    50 |     8 ||   100
       Searing Ray       |     8 |    30 |     6 ||    44
       Iskenderun's Myst |       |     6 |     3 ||     9
       Fulminant Prism   |       |       |     4 ||     4
Evoke: Wand              |       |     3 |       ||     3
  Use: Scroll            |     5 |     7 |     1 ||    13
       Potion            |     4 |     5 |     6 ||    15
  Eat: Chunk             |     3 |     5 |     3 ||    11
       Ration            |       |     2 |       ||     2
Armor: Robe              |     2 |     8 |     1 ||    11
Dodge: Dodged            |     3 |    19 |    24 ||    46
